Map: Apotheosis LE

Players

Joon

  • Race: Protoss Protoss
  • League: Gold
  • Spawn Location: 11:00

Fropez - Winner!

  • Race: Protoss Protoss
  • League: Gold
  • Spawn Location: 5:00

VOD

Have the link to the VOD?

Description

Time

  • Played on: Aug. 22, 2016, 5:44 p.m.
  • Length: 14:11
Show
View Real Time Build Order
Export as new Build Order

Joon Protoss 

Build Orders:  

Get SALT Encoding   

  12  0:01  Probe (Chrono Boost)  
  13  0:11  Probe (Chrono Boost)  
  14  0:22  Probe (Chrono Boost)  
  15  0:29  Pylon  
  15  0:48  Gateway  
  15  0:54  Probe (Chrono Boost)  
  15  0:55  Pylon  
  16  1:05  Probe (Chrono Boost)  
  17  1:15  Probe (Chrono Boost)  
  18  1:26  Probe (Chrono Boost), Gateway  
  18  1:31  Assimilator  
  18  1:32  Assimilator  
  19  1:36  Probe (Chrono Boost)  
  20  1:46  Cybernetics Core  
  20  1:47  Probe (Chrono Boost)  
  21  1:57  Pylon  
  21  1:58  Probe (Chrono Boost)  
  22  2:14  Zealot x2  
  26  2:25  Warp Gate  
  26  2:41  Adept x2  
  30  3:03  Pylon  
  30  3:08  Adept  
  30  3:09  Adept  
  34  3:36  Zealot x2  
  34  3:39  Pylon  
  38  4:02  Forge  
  38  4:03  Zealot x2  
  42  4:17  Pylon  
  42  4:30  Stalker x2  
  44  4:50  Nexus  
  44  5:00  Sentry x2  
  48  5:14  Stargate  
  48  5:21  Photon Cannon  
  48  5:30  Photon Cannon  
  48  5:39  Photon Cannon  
  48  5:45  Stalker  
  48  5:46  Stalker  
  52  5:59  Oracle  
  52  6:02  Probe (Chrono Boost)  
  56  6:07  Pylon  
  56  6:13  Probe (Chrono Boost)  
  53  6:20  Sentry x2  
  53  6:23  Probe (Chrono Boost)  
  58  6:34  Probe (Chrono Boost)  
  58  6:35  Oracle  
  62  6:44  Probe (Chrono Boost)  
  63  6:52  Photon Cannon  
  63  6:55  Probe (Chrono Boost)  
  64  7:02  Pylon  
  64  7:05  Probe (Chrono Boost)  
  65  7:16  Probe (Chrono Boost)  
  66  7:24  Photon Cannon  
  66  7:26  Probe (Chrono Boost), Stalker  
  66  7:27  Stalker  
  72  7:37  Probe (Chrono Boost)  
  72  7:40  Pylon  
  72  7:47  Probe (Chrono Boost)  
  73  7:58  Probe (Chrono Boost)  
  68  8:06  Photon Cannon, Stalker x2  
  68  8:08  Probe (Chrono Boost)  
  73  8:19  Probe (Chrono Boost)  
  72  8:23  Void Ray, Mothership Core (Chrono Boost)  
  77  8:30  Probe (Chrono Boost)  
  78  8:38  Photon Cannon  
  78  8:40  Probe (Chrono Boost)  
  79  8:53  Photon Cannon  
  77  8:58  Photon Cannon  
  73  9:03  Photon Cannon  
  73  9:06  Void Ray  
  75  9:11  Probe (Chrono Boost)  
  75  9:15  Assimilator  
  76  9:21  Probe (Chrono Boost)  
  76  9:22  Assimilator  
  77  9:31  Photon Cannon  
  77  9:32  Probe (Chrono Boost)  
  78  9:42  Probe (Chrono Boost)  
  78  9:44  Sentry x2  
  83  9:51  Stargate  
  83  9:53  Probe (Chrono Boost)  
  83  9:59  Pylon  
  84  10:03  Probe (Chrono Boost), Gateway  
  85  10:09  Stalker x2  
  85  10:12  Oracle  
  93  10:14  Probe (Chrono Boost)  
  93  10:17  Gateway  
  93  10:37  Nexus  
  93  10:45  Pylon  
  93  10:48  Oracle  
  84  10:56  Sentry  
  84  10:57  Sentry  
  72  11:05  Pylon  
  72  11:08  Void Ray  
  72  11:17  Photon Cannon  
  72  11:23  Void Ray  
  76  11:28  Photon Cannon  
  76  11:33  Photon Cannon  
  76  11:34  Sentry  
  76  11:35  Sentry  
  80  11:44  Gateway  
  80  11:51  Void Ray  
  80  12:03  Photon Cannon  
  80  12:06  Void Ray, Mothership Core (Chrono Boost)  
  59  12:21  Stalker x2  
  54  12:24  Probe (Chrono Boost)  
  47  12:34  Probe (Chrono Boost)  
  34  12:45  Probe (Chrono Boost)  
  24  12:55  Probe (Chrono Boost)  
  20  13:06  Probe (Chrono Boost)  
  20  13:12  Probe (Chrono Boost)  
  14  13:22  Probe (Chrono Boost)  
Show
View Real Time Build Order
Export as new Build Order

Fropez Protoss - Winner!

Build Orders: Nexus First 

Get SALT Encoding   

  12  0:00  Probe (Chrono Boost)  
  13  0:21  Pylon  
  13  0:23  Probe (Chrono Boost)  
  14  0:52  Nexus  
  15  0:57  Probe (Chrono Boost)  
  15  1:07  Probe (Chrono Boost)  
  16  1:13  Gateway  
  16  1:18  Probe (Chrono Boost)  
  17  1:28  Probe (Chrono Boost)  
  18  1:34  Gateway  
  18  1:41  Gateway  
  18  1:44  Probe (Chrono Boost)  
  19  1:51  Pylon  
  19  1:56  Probe (Chrono Boost)  
  20  2:03  Probe (Chrono Boost)  
  20  2:07  Probe (Chrono Boost)  
  22  2:14  Probe (Chrono Boost), Gateway  
  23  2:17  Probe (Chrono Boost)  
  23  2:27  Assimilator  
  23  2:28  Probe (Chrono Boost)  
  24  2:31  Probe (Chrono Boost)  
  24  2:33  Assimilator  
  25  2:39  Probe (Chrono Boost)  
  25  2:40  Pylon  
  26  2:48  Probe (Chrono Boost), Assimilator  
  26  2:50  Probe (Chrono Boost)  
  28  2:59  Probe (Chrono Boost)  
  29  3:07  Probe (Chrono Boost)  
  29  3:09  Cybernetics Core  
  30  3:15  Probe (Chrono Boost)  
  31  3:25  Probe (Chrono Boost)  
  33  3:27  Probe (Chrono Boost)  
  33  3:38  Probe x2 (Chrono Boost)  
  35  3:45  Adept (Chrono Boost)  
  35  3:46  Warp Gate (Chrono Boost)  
  41  3:48  Adept (Chrono Boost)  
  41  3:53  Mothership Core  
  43  4:05  Pylon  
  43  4:06  Pylon, Gateway  
  41  4:22  Probe  
  41  4:23  Probe  
  43  4:25  Stalker  
  43  4:28  Stalker  
  43  4:30  Stalker  
  49  4:43  Gateway  
  47  4:45  Gateway  
  46  4:57  Pylon, Probe  
  47  5:00  Assimilator  
  47  5:02  Pylon, Robotics Facility  
  47  5:10  Probe x2  
  47  5:12  Pylon  
  49  5:18  Pylon  
  49  5:26  Twilight Council  
  49  5:40  Pylon  
  49  5:42  Probe x2  
  51  6:03  Blink (Chrono Boost)  
  52  6:08  Observer  
  50  6:12  Stalker x3  
  50  6:13  Stalker x3  
  60  6:28  Warp Prism  
  62  6:44  Probe x2  
  64  6:47  Gateway x2  
  64  6:50  Gateway  
  64  7:03  Probe  
  64  7:05  Observer, Probe  
  67  7:19  Probe x2  
  69  7:26  Immortal  
  73  7:40  Forge  
  73  7:50  Resonating Glaives (Chrono Boost)  
  73  7:51  Stalker x4  
  79  7:52  Stalker x2  
  79  7:53  Stalker  
  85  8:15  Adept x2  
  85  8:16  Adept x5  
  97  8:55  Adept x4  
  97  8:56  Adept x3  
  99  9:18  Sentry x6  
  107  9:24  Nexus  
  107  9:26  Pylon  
  107  9:28  Pylon  
  107  9:31  Immortal  
  101  9:33  Pylon  
  101  9:36  Pylon  
  101  9:45  Pylon  
  101  9:54  Stalker x2  
  101  9:55  Stalker x5  
  115  10:04  Photon Cannon, Protoss Ground Weapons Level 1 (Chrono Boost)  
  115  10:07  Photon Cannon  
  115  10:09  Probe  
  115  10:10  Probe  
  117  10:16  Forge  
  117  10:23  Pylon  
  117  10:25  Probe  
  117  10:27  Probe  
  119  10:30  Photon Cannon  
  119  10:35  Probe, Photon Cannon  
  119  10:39  Probe  
  114  11:16  Stalker x3  
  114  11:17  Stalker x4  
  128  11:22  Gateway  
  128  11:25  Gateway  
  128  11:29  Gateway  
  128  11:31  Assimilator  
  128  11:37  Assimilator  
  128  11:41  Stalker  
  128  11:42  Stalker x3  
  128  11:43  Stalker x3  
  128  11:45  Photon Cannon  
  142  11:52  Photon Cannon  
  124  12:36  Stalker x4  
  124  12:37  Stalker x3  
  126  13:38  Stalker x7  
  138  13:53  Probe  
  138  13:54  Probe  
  140  14:04  Nexus  
  140  14:06  Pylon  
  140  14:09  Pylon  
Tags
 
League
GoldGold
Matchup
PvP
Replay Pack
All Mines
Spawn Locations
Cross Positions
Add a new tag
Caveats
  • Supply blocks, unpowered buildings, or Contaminate may cause inaccurate times.
  • Supply counts are checked every 10 seconds.